Map: Shrines of Lizul

Players

Khaos

  • Race: Zerg Zerg
  • League: Platinum
  • Spawn Location: 9:00

Peeair

  • Race: Terran Terran
  • League: Platinum
  • Spawn Location: 6:00

MonstroTown - Winner!

  • Race: Terran Terran
  • Spawn Location: 3:00

Michael - Winner!

  • Race: Zerg Zerg
  • League: Gold
  • Spawn Location: 12:00

VOD

Have the link to the VOD?

Description

Time

  • Played on: Oct. 6, 2018, 1:59 p.m.
  • Length: 3:44
Show
View Real Time Build Order
Export as new Build Order

Khaos Zerg 

Build Orders: Hatch First 

Get SALT Encoding   

  12  0:03  Drone  
  13  0:11  Drone  
  14  0:19  Overlord  
  14  0:38  Drone x3  
  17  0:58  Hatchery  
  16  1:14  Drone  
  16  1:15  Drone x2  
  19  1:18  Extractor  
  19  1:24  Spawning Pool  
  17  1:28  Drone  
  18  1:38  Drone  
  19  1:48  Drone  
  20  2:11  Queen  
  20  2:12  Queen  
  24  2:21  Roach Warren  
  24  2:22  Metabolic Boost  
  23  2:24  Zergling x2  
  23  2:25  Zergling x2  
  24  2:36  Zergling x2  
  27  2:37  Zergling x4  
  27  2:54  Zergling x6  
  27  3:03  Zergling x6  
Show
View Real Time Build Order
Export as new Build Order

Peeair Terran 

Build Orders:  

Get SALT Encoding   

  12  0:01  SCV  
  13  0:13  SCV  
  14  0:18  Supply Depot  
  14  0:25  SCV  
  15  0:40  SCV  
  15  0:41  Barracks  
  16  0:47  Refinery  
  16  0:52  SCV  
  17  1:04  SCV  
  18  1:16  SCV  
  19  1:29  Orbital Command  
  19  1:32  Marine  
  20  1:48  Command Center  
  20  1:55  SCV  
  21  2:05  Factory  
  21  2:11  SCV, Supply Depot  
  21  2:14  Barracks Tech Lab  
  22  2:23  SCV, Refinery  
  23  2:35  SCV  
  24  2:52  Barracks  
  24  2:55  SCV  
  24  2:56  Marine  
  26  3:08  Starport  
  26  3:15  SCV, Marine  
Show
View Real Time Build Order
Export as new Build Order

MonstroTown Terran - Winner!

Build Orders:  

Get SALT Encoding   

  12  0:01  SCV  
  13  0:13  SCV  
  14  0:19  Supply Depot  
  14  0:25  SCV  
  15  0:40  SCV  
  15  0:42  Barracks  
  16  0:52  SCV  
  17  1:01  Barracks  
  17  1:04  SCV  
  18  1:14  Barracks  
  18  1:16  SCV  
  19  1:26  Supply Depot  
  19  1:29  SCV, Marine  
  21  1:41  SCV  
  21  1:47  Barracks  
  22  1:50  Marine  
  22  1:52  Marine  
  24  2:01  Marine  
  25  2:09  Marine  
  25  2:11  Orbital Command  
  25  2:13  Marine  
  27  2:19  Supply Depot  
  27  2:20  Marine  
  28  2:34  Marine x2  
  28  2:36  Marine  
  31  2:41  Marine  
  32  2:48  Bunker  
  31  2:54  Marine  
  31  2:55  Marine x2  
  34  3:04  Marine  
  35  3:12  Marine x2  
  35  3:19  Marine  
  38  3:22  Marine  
  39  3:33  Command Center  
Show
View Real Time Build Order
Export as new Build Order

Michael Zerg - Winner!

Build Orders: Pool First 

Get SALT Encoding   

  12  0:01  Drone  
  13  0:13  Overlord  
  13  0:18  Drone  
  14  0:31  Drone x2  
  14  0:35  Drone  
  17  0:40  Extractor  
  16  0:45  Drone  
  17  0:53  Spawning Pool  
  17  0:56  Drone  
  17  1:07  Drone  
  18  1:26  Hatchery  
  18  1:30  Drone  
  18  1:41  Queen  
  20  1:48  Metabolic Boost  
  20  1:52  Zergling x2  
  21  1:55  Zergling x2  
  22  2:02  Overlord  
  22  2:17  Overlord  
  22  2:27  Drone x2  
  24  2:32  Roach Warren  
  23  2:42  Zergling x2  
  23  2:43  Zergling x2  
  24  2:59  Zergling x10  
  24  3:01  Zergling x2  
  30  3:07  Queen  
Tags
 
Add a new tag
Caveats
  • Supply blocks, unpowered buildings, or Contaminate may cause inaccurate times.
  • Supply counts are checked every 10 seconds.